 Dungeon Crawl Stone Soup version 0.25-a0-614-g73ad250637 (webtiles) character file.

Game seed: 6908987730383269429, levelgen mode: deterministic

18 Amnesiac the Ducker (level 2, -7/16 HPs)
             Began as a Spriggan Berserker on Mar 17, 2020.
             Killed by the fiery rage of Trog (23 damage)
             ... on level 1 of the Dungeon.
             The game lasted 00:01:35 (2823 turns).

Amnesiac the Ducker (Spriggan Berserker)            Turns: 2823, Time: 00:01:36

Health: -7/16      AC:  2    Str: 13    XL:     2   Next: 48%
Magic:  3/3        EV: 19    Int:  8    God:
Gold:   21         SH:  0    Dex: 15    Spells: 1/1 levels left

rFire    . . .     SeeInvis +   a - +0 short sword
rCold    . . .     Gourm    .   (shield restricted)
rNeg     . . .     Faith    .   b - +0 animal skin
rPois    .         Spirit   .   (helmet restricted)
rElec    .         Reflect  .   (no cloak)
rCorr    .         Harm     .   (gloves unavailable)
MR       .....                  (boots unavailable)
Stlth    +.........             (no amulet)
HPRegen  0.05/turn              (no ring)
MPRegen  0.08/turn              (no ring)

@: very quick
A: very small, unfitting armour, see invisible, herbivore, speed 3, slow
metabolism 2
a: no special abilities


You were on level 1 of the Dungeon.
You were not hungry.

You visited 1 branch of the dungeon, and saw 2 of its levels.

You collected 21 gold pieces.

Inventory:

Hand Weapons
 a - a +0 short sword (weapon)
 m - a +0 hunting sling
Missiles
 n - 23 stones (quivered)
Armour
 b - a +0 animal skin (worn)
Scrolls
 d - 3 scrolls of identify {!r, unknown}
 e - 3 scrolls of blinking {!r, unknown}
 f - a scroll of magic mapping {!r, unknown}
 g - a scroll of teleportation {!r, unknown}
Potions
 h - a potion of stabbing {!q, unknown}
 i - a potion of haste {!q, unknown}
 j - a potion of might {!q, unknown}
 k - a potion of brilliance {!q, unknown}
 l - a potion of berserk rage {!q, unknown}
Comestibles
 c - 2 rations


   Skills:
 - Level 2.4 Fighting
 + Level 4.3 Short Blades
 - Level 4.4 Dodging


You had one spell level left.
You didn't know any spells.
Your spell library was empty.

Dungeon Overview and Level Annotations

Branches:
Dungeon (2/15)

Altars:


Innate Abilities, Weirdness & Mutations

You are very small and have problems with some larger weapons.
You are too small for most types of armour.
You have supernaturally acute eyesight. (SInv)
You are a herbivore.
You cover ground extremely quickly.
You need to consume almost no food.


Message History

You kill the dart slug!
There is a stone staircase leading down here.
There is a stone staircase leading down here.
HP restored.
You open the door.
There is an open door here.
l - a purple potion {!q} As you open the door, it creaks loudly!
There is an open door here.
Found 23 stones.
You open the door.
Found a hunting sling.
A jackal comes into view.
You see here a hunting sling.
m - a hunting sling The jackal barks!
n - 23 stones
There are no items here.
The jackal closely misses you.
A jackal comes into view.
You closely miss the jackal.
The jackal barks!
You hit the jackal.
The jackal is moderately wounded.
The jackal misses you. The jackal barely misses you.
The jackal completely misses you.
A kobold comes into view. It is wielding a +0 dagger.
You hit the jackal.
The jackal is heavily wounded.
The jackal misses you. The jackal closely misses you.
You miss the jackal.
The jackal is heavily wounded.
The jackal barely misses you. The jackal misses you.
You hit the jackal but do no damage.
The jackal is heavily wounded.
The jackal closely misses you. The jackal completely misses you.
The jackal bites you.
You closely miss the jackal.
The jackal is heavily wounded.
The jackal completely misses you. x2
You hit the jackal.
The jackal is severely wounded.
The jackal misses you.
You barely miss the jackal.
The jackal is severely wounded.
The jackal closely misses you.
You hit the jackal.
You kill the jackal!
You hit the jackal.
You kill the jackal!
The kobold closely misses you.
You see here a jackal corpse.
You closely miss the kobold. The kobold barely misses you.
You hit the kobold.
You kill the kobold!
No target in view!
You see here a +0 dagger.
You see here a jackal corpse.
There is an open door here.
You start waiting.
You feel Trog's fiery rage upon you!
You are blasted with fire.
Ouch! That really hurt!
You die...

......[..#.########.####
......##.#.#...........#
......+....#........#.##
......##.###........#.#
......##.###........#.#
....................#.#
...#..##.###........#.###########
.#....##.###........#............
.#....#.........@...#############
.#....#..##......^...# #....
.#..........####'##### #.###
.....##..#.......# #.#
.###>....#..###..########## #.#
.# #####.#.####...........# #.#
.######..(..............#.# #.#
.....##.####.##.#######.#.# #.#
.###.##.# #.##...#...#.#.# #.#


There were no monsters in sight!

Vanquished Creatures
  2 dart slugs (D:1)
  A giant cockroach (D:1)
  2 goblins (D:1)
  A hobgoblin (D:2)
  2 jackals (D:1)
  2 kobolds (D:1)
  A bat (D:1)
  A rat (D:1)
12 creatures vanquished.

Notes
Turn   | Place    | Note
-------+----------+-------------------------------------------
     0 | D:1      | Amnesiac the Spriggan Berserker began the quest for the
                  | Orb.
     0 | D:1      | Reached XP level 1. HP: 11/11 MP: 2/2
     0 | D:1      | Fell from the grace of Trog
  1191 | D:1      | Reached XP level 2. HP: 16/16 MP: 3/3
  2823 | D:1      | Killed by the fiery rage of Trog

Levels and vault maps discovered:
D:1:      lemuel_arrival_behind_the_door_small, layout_basic
D:2:      layout_loops_ring, grunt_qazlal_clouds, lemuel_round_altar,
          chequers_temple_overflow_statue_of_worship

Skill      XL: |  1  2 |
---------------+-------+-----
Short Blades   | 4 |  4.3
Fighting       | |  2.4
Dodging        | |  4.4

Action                   || total
-------------------------++-------
Melee: Short sword       ||    51
Invok: Renounce Religion ||     1
Armor: Animal skin       ||     8
Dodge: Dodged            ||    43

Table legend:
 A = Non-vault XP
 B = Vault XP
 C = Vault XP percentage of total XP
 D = Non-vault monster count
 E = Vault monster count
 F = Vault count percentage of total count
                 A         B        C        D         E       F
            +---------+---------+-------+---------+---------+-------
      Total |      26 |       0 |   0.0 |      12 |       0 |   0.0
            +---------+---------+-------+---------+---------+-------
        D:1 |      24 |       0 |   0.0 |      11 |       0 |   0.0
        D:2 |       2 |       0 |   0.0 |       1 |       0 |   0.0
            +---------+---------+-------+---------+---------+-------
